 Dungeon Crawl Stone Soup version 0.30-a0-989-g0d87f670db (webtiles) character file.

Game seed: 8292189561181698359

116 Jogans the Changer (level 4, -1/33 HPs)
             Began as a Demonspawn Transmuter on Apr 2, 2023.
             Slain by an orc wizard
             ... wielding a +0 dagger
              (3 damage)
             ... on level 3 of the Dungeon.
             The game lasted 00:20:22 (2077 turns).

Jogans the Changer (Demonspawn Transmuter)          Turns: 2077, Time: 00:20:23

Health: -1/33      AC:  3    Str: 12    XL:     4   Next: 69%
Magic:  5/7        EV: 12    Int: 15    God:
Gold:   171        SH:  0    Dex: 13    Spells: 5/8 levels left

rFire   . . .      SeeInvis .    h - +5 Force Lance {heavy, knockback}
rCold   . . .      Faith    .    (no shield)
rNeg    . . .      Spirit   .    a - +0 robe
rPois   .          Reflect  .    (helmet currently unavailable)
rElec   .          Rampage  .    e - +0 cloak
rCorr   .                        (no gloves)
Will    .....                    (boots currently unavailable)
Stlth   +                        (no amulet)
HPRegen 0.25/turn                (no ring)
MPRegen 0.10/turn                (no ring)

@: appendages (expiring), wereblooded
A: talons 2, antennae 1, ignite blood 1, sturdy frame 1
a: End Transformation


You were on level 3 of the Dungeon.
You had temporarily grown beastly talons.
You visited 1 branch of the dungeon, and saw 3 of its levels.

You collected 171 gold pieces.

Inventory:

Hand Weapons
 c - a +0 short sword
 h - the +5 Force Lance (weapon) {heavy, knockback}
   (You found it on level 2 of the Dungeon)
Armour
 a - a +0 robe (worn)
 e - a +0 cloak (worn)
Scrolls
 d - a scroll of teleportation
 g - a scroll of magic mapping {unknown}
 j - a scroll of identify
 m - 3 scrolls of fear {unknown}
 n - a scroll of amnesia {unknown}
Potions
 b - a potion of lignification
 f - 2 potions of berserk rage {unknown}
 i - 2 potions of degeneration {unknown}
 k - 2 potions of ambrosia {unknown}
 l - 2 potions of heal wounds {unknown}
 o - a potion of magic {unknown}


   Skills:
 + Level 1.8 Fighting
 + Level 1.2 Short Blades
 + Level 2.5 Dodging
 - Level 2.7 Unarmed Combat
 + Level 2.5 Spellcasting
 * Level 2.9 Transmutations


You had 5 spell levels left.
You knew the following spells:

 Your Spells              Type           Power      Damage    Failure   Level
a - Beastly Appendage     Tmut           20%        N/A       6%          1
b - Wereblood             Tmut           10%        N/A       10%         2

Your spell library contained the following spells:

 Spells                   Type           Power      Damage    Failure   Level
 Passwall                 Tmut/Erth      5%         N/A       17%         2
 Foxfire                  Conj/Fire      4%         2x1d2     22%         1
 Ensorcelled Hibernation  Hex/Ice        2%         N/A       32%         2
 Spider Form              Tmut/Pois      6%         N/A       34%         3
 Swiftness                Air            1%         N/A       54%         3
 Vhi's Electric Charge    Tloc/Air       2%         N/A       54%         3
 Ice Form                 Ice/Tmut       6%         N/A       75%         4
 Arcjolt                  Conj/Air       0%         1d10      99%         5
 Fireball                 Conj/Fire      0%         3d3       99%         5
 Starburst                Conj/Fire      0%         6d3       100%        6
 Maxwell's Capacitive Co  Air            0%         ∞         100%        8


Dungeon Overview and Level Annotations

Branches:
Dungeon (3/15)

Altars:


Innate Abilities, Weirdness & Mutations

You have temporarily grown beastly talons.
You have a pair of small antennae on your head.
Your demonic aura sometimes causes spilled blood to erupt in flames.
Your movements are slightly less encumbered by armour. (ER -2)


Message History

You hear some strange, mumbled words.
You are confused.
You puncture something!
You feel a bit better.
Reactivating autopickup.
You feel a bit more experienced.
You howl as the wereblood boils in your veins!
The orc wizard casts a spell at you. You resist with some effort.
The orc wizard hits you with a +0 dagger.
The orc hits you with a +0 whip.
You hit the orc. Your kick misses the orc.
The orc is severely wounded.
The orc hits you with a +0 whip.
The orc wizard hits you with a +0 dagger.
The orc barely misses you.
You barely miss the orc. Your kick misses the orc.
The orc is severely wounded.
The orc hits you with a +0 whip. The orc hits you with a +0 club.
The orc wizard hits you but does no damage.
You barely miss the orc. Your kick misses the orc.
The orc is severely wounded.
You feel less confused. The orc hits you but does no damage.
The orc hits you with a +0 club.
The orc wizard hits you with a +0 dagger.
The orc wizard mumbles some strange words.
The orc wizard flickers and vanishes!
Deactivating autopickup; reactivate with Ctrl-A.
The orc closely misses you. x2
Unknown command.
You miss something. Your kick misses something.
Your transformation is almost over.
The orc barely misses you. x2; Something hits you. x2
* * * LOW HITPOINT WARNING * * *
The orc barely misses you. x2
You puncture something! You claw something. The orc hits you with a +0 whip.
* * * LOW HITPOINT WARNING * * *
The orc hits you with a +0 club.
* * * LOW HITPOINT WARNING * * *
Something hits you.
You die...

#.#.. #..
#.#.# #.
#.#.## #.
#.... #...#
#...#
#...### .
#.....# .#
#{@##.# ..
#oo##.#
#..##.#
#..##.#
...##.###
.##.##.).#
. .
..####[# .
# #.## #.#
.
#.#.#####.#


You could see 2 orcs.

Vanquished Creatures
  2 orc wizards (D:3)
  A worm (D:2)
  6 orcs (D:3)
  7 ball pythons
  5 endoplasms
  2 giant cockroaches (D:1)
  3 goblins
  6 hobgoblins
  4 jackals (D:1)
  2 quokkas
  A bat (D:1)
  A frilled lizard (D:2)
  4 kobolds
  11 rats
55 creatures vanquished.

Notes
Turn   | Place    | Note
-------+----------+-------------------------------------------
     0 | D:1      | Jogans the Demonspawn Transmuter began the quest for the
                  | Orb.
     0 | D:1      | Reached XP level 1. HP: 15/15 MP: 3/3
   234 | D:1      | Gained mutation: You have a pair of small antennae on your
                  | head. [demonic ancestry]
   234 | D:1      | Reached XP level 2. HP: 17/21 MP: 5/5
   752 | D:2      | Found the +5 Force Lance {heavy, knockback}
   785 | D:2      | Gained mutation: Your demonic aura sometimes causes spilled
                  | blood to erupt in flames. [demonic ancestry]
   785 | D:2      | Reached XP level 3. HP: 11/26 MP: 4/6
  1210 | D:2      | Learned a level 2 spell: Wereblood
  2042 | D:3      | Reached skill level 1 in Short Blades
  2067 | D:3      | Gained mutation: Your movements are slightly less
                  | encumbered by armour. (ER -2) [demonic ancestry]
  2067 | D:3      | Reached XP level 4. HP: 33/33 MP: 7/7
  2077 | D:3      | Slain by an orc wizard

Illustrated notes

Levels and vault maps discovered:
D:1:      saegor_arrival_simple_d, layout_rooms, corexii_corridor_pit,
          minmay_rat_gold_closets
D:2:      layout_basic, minivault_14, st_stairs_7
D:3:      layout_loops_ring, uniq_terence

Skill      XL: |  1  2  3 |
---------------+----------+-----
Dodging        | 2 |  2.5
Transmutations | 2 |  2.9
Short Blades   | 1 |  1.2
Fighting       | |  1.8
Unarmed Combat | |  2.7
Spellcasting   | |  2.5

Action                     |  1- 3 |  4- 6 || total
---------------------------+-------+-------++-------
  Melee: Short sword       |    72 |       ||    72
         Unarmed           |     8 |       ||     8
         Headbutt          |     2 |       ||     2
         Kick              |     4 |     2 ||     6
         Lance             |    54 |     9 ||    63
         Punch             |     2 |       ||     2
   Cast: Beastly Appendage |     7 |     1 ||     8
         Wereblood         |       |     1 ||     1
    Use: Potion            |     2 |       ||     2
         Scroll            |     3 |       ||     3
   Stab: Sleeping          |     3 |       ||     3
         Invisible         |     1 |       ||     1
 Armour: Robe              |    29 |     3 ||    32
  Dodge: Dodged            |   111 |    12 ||   123

Table legend: (Time is in decaauts)
 A = Elapsed time spent in this place.
 B = Non-inter-level travel time spent in this place.
 C = Inter-level travel time spent in this place.
 D = Time resting spent in this place.
 E = Time spent auto-exploring this place.
 F = Levels seen in this place.
 G = Mean time per level.
                   A        B        C        D        E       F      G
               +--------+--------+--------+--------+--------+-----+--------+
         Total |   2116 |   2067 |     49 |     72 |    899 |   3 |  705.3 |
       Dungeon |   2116 |   2067 |     49 |     72 |    899 |   3 |  705.3 |
               +--------+--------+--------+--------+--------+-----+--------+

Top non-repeatable levels by time:
     D:2: 875 daAuts
     D:1: 734 daAuts
     D:3: 506 daAuts
